 Dungeon Crawl Stone Soup version 0.27-a0-1347-gd8886f0a89 (webtiles) character file.

Game seed: 16891895436091609270

2 basicallysejuani the Vexing (level 1, 0/17 HPs)
             Began as a Gnoll Arcane Marksman on June 28, 2021.
             Slain by a kobold (2 damage)
             ... on level 2 of the Dungeon.
             The game lasted 00:01:03 (53 turns).

basicallysejuani the Vexing (Gnoll Arcane Marksman)   Turns: 53, Time: 00:01:05

Health: 0/17       AC:  2    Str:  9    XL:     1   Next: 40%
Magic:  4/4        EV: 13    Int: 12    God:
Gold:   0          SH:  0    Dex: 12    Spells: 4/5 levels left

rFire    . . .     SeeInvis .   f - +0 dagger
rCold    . . .     Faith    .   (no shield)
rNeg     . . .     Spirit   .   a - +0 robe
rPois    .         Reflect  .   (no helmet)
rElec    .         Harm     .   (no cloak)
rCorr    .         Rampage  .   (no gloves)
Will     .....                  (no boots)
Stlth    +.........             (no amulet)
HPRegen  0.05/turn              (no ring)
MPRegen  0.09/turn              (no ring)

@: mighty, lethally poisoned (0 -> -6)
A: fangs 1, strong nose, distributed training
a: no special abilities


You were on level 2 of the Dungeon.
You visited 1 branch of the dungeon, and saw 2 of its levels.

Inventory:

Hand Weapons
 f - a +0 dagger (weapon)
 g - a +0 hunting sling
Missiles
 b - 5 javelins (quivered)
 c - 2 throwing nets
Armour
 a - a +0 robe (worn)


   Skills:
 + Level 2.3 Fighting
 + Level 0.0 Short Blades
 + Level 0.0 Long Blades
 + Level 0.0 Axes
 + Level 0.0 Maces & Flails
 + Level 0.0 Polearms
 + Level 0.0 Staves
 + Level 0.0 Slings
 + Level 0.0 Bows
 + Level 0.0 Crossbows
 + Level 4.4 Throwing
 + Level 0.0 Armour
 + Level 4.4 Dodging
 + Level 0.0 Stealth
 + Level 0.0 Shields
 + Level 0.0 Unarmed Combat
 + Level 2.6 Spellcasting
 + Level 0.0 Conjurations
 + Level 5.3 Hexes
 + Level 0.0 Summonings
 + Level 0.0 Necromancy
 + Level 0.0 Translocations
 + Level 0.0 Transmutations
 + Level 0.0 Fire Magic
 + Level 0.0 Ice Magic
 + Level 0.0 Air Magic
 + Level 0.0 Earth Magic
 + Level 0.0 Poison Magic
 + Level 0.1 Invocations
 + Level 0.0 Evocations


You had 4 spell levels left.
You knew the following spells:

 Your Spells              Type           Power      Damage    Failure   Level
a - Corona                Hex            15%        N/A       2%          1

Your spell library contained the following spells:

 Spells                   Type           Power      Damage    Failure   Level
 Slow                     Hex            14%        N/A       4%          2
 Inner Flame              Hex/Fire       8%         N/A       26%         3
 Portal Projectile        Hex/Tloc       16%        N/A       26%         3
 Cause Fear               Hex            7%         N/A       28%         4
 Leda's Liquefaction      Hex/Erth       4%         N/A       63%         4


Dungeon Overview and Level Annotations

Branches:
Dungeon (1/15)

Altars:


Innate Abilities, Weirdness & Mutations

You have very sharp teeth.
Your uncanny sense of smell can sniff out nearby items.
Your experience applies equally to all skills.


Message History

Press: ? - help, Q - select action, (/) - cycle Shift-Dir - straight line, f - endoplasm
Aim: an endoplasm (86% to hit)
You throw a javelin.
The javelin pierces through the endoplasm.
The endoplasm is almost dead.
You hit the endoplasm.
You kill the endoplasm!
b - 5 javelins (gained 1)
You open the large door.
You fall into a shaft and drop 1 floor!
The shaft crumbles and collapses.
An adder comes into view.
The adder hisses angrily.
A kobold comes into view. It is wielding a +0 club.
The kobold shouts!
A kobold comes into view. It is wielding a +0 club.
The kobold shouts!
You hear an angry hiss.
You hear a shout!
Found a scroll labelled DOMPAU UPEUMIF.
A hobgoblin comes into view.
As you read the scroll labelled DOMPAU UPEUMIF, it crumbles to dust.
The creatures around you are filled with an inner flame!
It was a scroll of immolation.
An adder comes into view.
A goblin comes into view. It is wielding a +0 club.
You hit the adder but do no damage. The adder bites you.
You are poisoned.
The adder poisons you!
You barely miss the adder.
You feel sick. The adder misses you.
You barely miss the kobold.
You feel sick. The adder closely misses you. The kobold misses you.
The adder bites you.
You closely miss the adder.
You feel sick. The kobold barely misses you.
A rat comes into view.
The adder barely misses you. The kobold misses you.
It was a potion of might.
You feel very mighty all of a sudden.
You feel sick. The kobold misses you. The adder bites you.
* * * LOW HITPOINT WARNING * * *
You are lethally poisoned!
The adder poisons you! The kobold hits you with a +0 club.
You die...

#####....
#........
#........
#...?....
#...g...#
#........
#KSg....#
#@KS....#
#######r.


You could see 2 adders, a hobgoblin (inner flame), a goblin, 2 kobolds and a
rat.

Vanquished Creatures
  An endoplasm (D:1)
  A goblin (D:1)
2 creatures vanquished.

Notes
Turn   | Place    | Note
-------+----------+-------------------------------------------
     0 | D:1      | basicallysejuani the Gnoll Arcane Marksman began the quest
                  | for the Orb.
     0 | D:1      | Reached XP level 1. HP: 17/17 MP: 4/4
    47 | D:1      | You fall into a shaft and drop 1 floor!
    53 | D:2      | Slain by a kobold

Illustrated notes

Levels and vault maps discovered:
D:1:      wander_arrival_chamber, layout_basic
D:2:      layout_rooms, hangedman_decor_points

Action                   || total
-------------------------++-------
Melee: Dagger            ||     5
Throw: Javelin           ||     2
  Use: Scroll            ||     1
       Potion            ||     1
Dodge: Dodged            ||     7

Table legend: (Time is in decaauts)
 A = Elapsed time spent in this place.
 B = Non-inter-level travel time spent in this place.
 C = Inter-level travel time spent in this place.
 D = Time resting spent in this place.
 E = Time spent auto-exploring this place.
 F = Levels seen in this place.
 G = Mean time per level.
                   A        B        C        D        E       F      G
               +--------+--------+--------+--------+--------+-----+--------+
         Total |     52 |     29 |     23 |      0 |     13 |   2 |   26.0 |
       Dungeon |     52 |     29 |     23 |      0 |     13 |   2 |   26.0 |
               +--------+--------+--------+--------+--------+-----+--------+

Top non-repeatable levels by time:
     D:1: 47 daAuts
     D:2: 5 daAuts
